[Event "Titled Tuesday Blitz August 24 2021"]
[White "Seo, Jung Min"]
[Black "Zierk, Steven"]
[WhiteFideId "1734687"]
[BlackFideId "2034255"]
[WhiteElo "2486"]
[BlackElo "2494"]
[Result "0-1"]
[Round "05"]
[TimeControl "180+1"]
[Date "2021.08.24"]
[WhiteClock "0:00:43"]
[BlackClock "0:01:28"]

1. e4 e6 2. d4 d5 3. Nd2 c5 4. exd5 Qxd5 5. dxc5 Nf6 6. Ngf3 Bxc5 7. Bd3 Nc6 8. Qe2 Nb4 9. Bb5+ Bd7 10. Bxd7+ Qxd7 11. Ne4 Nxe4 12. Qxe4 Qc6 13. Qxc6+ bxc6 14. Ke2 Nxc2 15. Rb1 Nd4+ 16. Nxd4 Bxd4 17. Be3 O-O-O 18. Bxd4 Rxd4 19. Rhd1 Rhd8 20. Rxd4 Rxd4 21. Rc1 Kc7 22. b3 Kd6 23. Rc3 a5 24. g3 e5 25. h4 f5 26. Ke3 c5 27. Ke2 Kd5 28. Ke3 g6 29. Rc1 f4+ 30. Ke2 h6 31. Ra1 Ke4 32. f3+ Kd5 33. Rg1 fxg3 34. Rxg3 Rxh4 35. Rxg6 Rh2+ 36. Kd3 h5 37. a4 Rb2 38. Kc3 Rf2 39. Rf6 h4 40. Kd3 Rxf3+ 0-1


[Site "https://www.chess.com"]

[Event "Titled Tuesday Blitz August 24 2021"]
[White "Shahade, Gregory"]
[Black "Damjanovic, Vladimir"]
[WhiteFideId "2009064"]
[BlackFideId "903795"]
[WhiteElo "2697"]
[BlackElo "2374"]
[Result "0-1"]
[Round "05"]
[TimeControl "180+1"]
[Date "2021.08.24"]
[WhiteClock "0:01:13"]
[BlackClock "0:00:03"]

1. e4 c6 2. Nc3 d5 3. Nf3 dxe4 4. Nxe4 Nf6 5. Qe2 Nxe4 6. Qxe4 Qa5 7. Bc4 Bf5 8. Qf4 e6 9. O-O Nd7 10. Re1 Be7 11. Nd4 Bg6 12. Bxe6 fxe6 13. Nxe6 Rg8 14. Nc7+ Kd8 15. Nxa8 Rf8 16. Qg3 Bc5 17. d4 Qxe1# 0-1


[Site "https://www.chess.com"]

[Event "Titled Tuesday Blitz August 24 2021"]
[White "Shimelkov, Vasiliy"]
[Black "Rodchenkov, Vitaly"]
[WhiteFideId "13701630"]
[BlackFideId "4152964"]
[WhiteElo "2073"]
[BlackElo "2337"]
[Result "1-0"]
[Round "05"]
[TimeControl "180+1"]
[Date "2021.08.24"]
[WhiteClock "0:00:29"]
[BlackClock "0:01:03"]

1. d4 Nf6 2. c4 e6 3. Nf3 b6 4. Nc3 Bb7 5. Bg5 Bb4 6. e3 h6 7. Bh4 g5 8. Bg3 Ne4 9. Qc2 f5 10. Bd3 Qe7 11. d5 Bxc3+ 12. bxc3 exd5 13. Nd4 O-O 14. cxd5 Bxd5 15. O-O c5 16. Nb5 d6 17. Bxe4 Bxe4 18. Qb3+ Qf7 19. Nxd6 Qxb3 20. axb3 Nc6 21. Nxe4 fxe4 22. Rfd1 Rad8 23. Kf1 Kf7 24. Ke2 Ke6 25. f3 exf3+ 26. gxf3 h5 27. h4 gxh4 28. Bxh4 Rxd1 29. Rxd1 Ne5 30. f4 Ng4 31. Kf3 Nh2+ 32. Kg3 Ng4 33. e4 a5 34. Rd5 Rg8 35. f5+ Kf7 36. Kf4 Nf6 37. Bxf6 Kxf6 38. Rd6+ Ke7 39. Rxb6 Rg4+ 40. Ke5 Rg3 41. Rb7+ Kd8 42. f6 Rxc3 43. f7 Rf3 44. Ke6 1-0


[Site "https://www.chess.com"]

[Event "Titled Tuesday Blitz August 24 2021"]
[White "Shtyka, Sergey"]
[Black "Nimrod_Veinberg"]
[WhiteFideId "4138465"]
[WhiteElo "2064"]
[BlackElo "2697"]
[Result "0-1"]
[Round "05"]
[TimeControl "180+1"]
[Date "2021.08.24"]
[WhiteClock "0:00:02"]
[BlackClock "0:00:54"]

1. e4 e5 2. Nf3 Nc6 3. Nc3 Nf6 4. Bb5 Nd4 5. Ba4 c6 6. d3 Bc5 7. Nxd4 O-O 8. Nce2 exd4 9. O-O d5 10. e5 Ng4 11. f4 f6 12. h3 Nh6 13. exf6 Qxf6 14. g4 Nxg4 15. hxg4 Bxg4 16. Rf2 Rae8 17. Qf1 Qg6 18. Ng3 Re3 19. Rg2 Rf3 20. Qe1 Re8 21. Qd2 Bh3 22. f5 Qg4 23. Qg5 Re1+ 24. Kh2 Qxg5 25. Bxg5 Rxa1 26. Kxh3 h5 27. Bb3 Bd6 28. Bh4 Rh1+ 29. Rh2 Rxh2+ 30. Kxh2 Rf4 31. Kh3 Rf3 32. Kg2 Bxg3 33. Kxf3 Bxh4 34. c3 Bf6 35. c4 dxc4 36. Bxc4+ Kf8 37. a4 a5 38. b3 Ke7 39. Ke4 h4 40. Kf3 Kd6 41. Kg4 Kc5 42. Kf3 Kb4 43. Be6 b5 44. Bd7 bxa4 45. bxa4 Kxa4 46. Bxc6+ Kb4 47. Bd5 a4 48. Ke2 a3 49. Kd1 Kc3 50. Kc1 Kxd3 51. Kb1 h3 52. Ka2 h2 53. Bc6 Ke2 0-1


[Site "https://www.chess.com"]

[Event "Titled Tuesday Blitz August 24 2021"]
[White "Sonis, Francesco"]
[Black "Cunha, Lucas Aguiar"]
[WhiteFideId "895733"]
[BlackFideId "2125404"]
[WhiteElo "2373"]
[BlackElo "2361"]
[Result "1-0"]
[Round "05"]
[TimeControl "180+1"]
[Date "2021.08.24"]
[WhiteClock "0:01:50"]
[BlackClock "0:00:23"]

1. d4 Nf6 2. c4 e6 3. Nc3 Bb4 4. e3 O-O 5. Bd2 Re8 6. Nf3 b6 7. a3 Bxc3 8. Bxc3 Ne4 9. Rc1 Bb7 10. d5 d6 11. dxe6 Rxe6 12. Be2 Rg6 13. O-O Nd7 14. Be1 Qf6 15. g3 Qxb2 16. Nd4 Ng5 17. h4 Ne4 18. h5 Rf6 19. Bb4 a5 20. Rc2 Qxc2 21. Qxc2 axb4 22. axb4 Ne5 23. f4 Nd7 24. Bf3 Re8 25. Nb5 c5 26. g4 h6 27. Nc7 Re7 28. Nd5 Bxd5 29. cxd5 Ng3 30. Re1 Ne5 31. fxe5 Rxf3 32. Kg2 1-0


[Site "https://www.chess.com"]

[Event "Titled Tuesday Blitz August 24 2021"]
[White "Srihari L R"]
[Black "Grafil, Franz Robert"]
[WhiteFideId "46617116"]
[BlackFideId "5205298"]
[WhiteElo "2121"]
[BlackElo "2211"]
[Result "1-0"]
[Round "05"]
[TimeControl "180+1"]
[Date "2021.08.24"]
[WhiteClock "0:01:14"]
[BlackClock "0:00:18"]

1. Nf3 Nf6 2. g3 b6 3. Bg2 Bb7 4. O-O c5 5. d3 g6 6. e4 d6 7. c3 Bg7 8. Re1 O-O 9. Nbd2 Nc6 10. a3 e5 11. a4 Re8 12. Nc4 h6 13. Ne3 d5 14. exd5 Nxd5 15. Nxd5 Qxd5 16. Nxe5 Qxg2+ 17. Kxg2 Nxe5+ 18. Kf1 Nf3 19. Rxe8+ Rxe8 20. Be3 Nxh2+ 21. Ke1 Nf3+ 22. Ke2 f5 23. a5 g5 24. axb6 axb6 25. Qb3+ Kh7 26. Qf7 Bc6 27. Ra7 Rg8 28. Qxf5+ Kh8 29. Qg6 Ne5 30. Qe6 Bf3+ 31. Kd2 Bg4 32. Qxb6 c4 33. d4 Nf3+ 34. Kc1 Ne1 35. d5 Nd3+ 36. Kd2 Re8 37. Qg6 Rg8 38. Rxg7 Rxg7 39. Bd4 1-0


[Site "https://www.chess.com"]

[Event "Titled Tuesday Blitz August 24 2021"]
[White "Stoyanov, Tsvetan"]
[Black "Ovezdurdyyeva, Jemal"]
[WhiteFideId "2917173"]
[BlackFideId "14001888"]
[WhiteElo "2191"]
[BlackElo "1946"]
[Result "1-0"]
[Round "05"]
[TimeControl "180+1"]
[Date "2021.08.24"]
[WhiteClock "0:00:17"]
[BlackClock "0:00:24"]

1. e4 c5 2. Nf3 e6 3. d4 cxd4 4. Nxd4 Nc6 5. Nc3 Qc7 6. Be3 a6 7. a3 Nf6 8. Be2 Be7 9. O-O O-O 10. f4 d6 11. Qe1 Nxd4 12. Bxd4 b5 13. Qg3 Bb7 14. Rae1 Rac8 15. Bd3 e5 16. fxe5 dxe5 17. Bxe5 Qc5+ 18. Kh1 Nh5 19. Qh3 Qxe5 20. Rf5 Ng3+ 21. hxg3 Qe6 22. Nd5 g6 23. Nxe7+ Qxe7 24. Rf4 Rc5 25. Rh4 h5 26. Qh2 Bc8 27. Qg1 Bg4 28. Be2 Bxe2 29. Rxe2 Qg5 30. Qf2 Rd8 31. Kh2 Rc4 32. Rf4 Rd7 33. e5 Rc5 34. Qxc5 1-0


[Site "https://www.chess.com"]

[Event "Titled Tuesday Blitz August 24 2021"]
[White "Svane, Frederik"]
[Black "Tregubov, Pavel V."]
[WhiteFideId "12923044"]
[BlackFideId "4115341"]
[WhiteElo "2459"]
[BlackElo "2423"]
[Result "1-0"]
[Round "05"]
[TimeControl "180+1"]
[Date "2021.08.24"]
[WhiteClock "0:00:06"]
[BlackClock "0:00:13"]

1. e4 e6 2. d4 d5 3. Nd2 c5 4. exd5 exd5 5. Ngf3 Nc6 6. Bb5 Qe7+ 7. Qe2 Qxe2+ 8. Kxe2 a6 9. Bxc6+ bxc6 10. dxc5 Bxc5 11. Nb3 Bd6 12. Be3 Nf6 13. Bc5 Kd7 14. Rhe1 a5 15. Bxd6 Kxd6 16. Kf1 a4 17. Nbd4 Ne4 18. Rad1 Re8 19. Kg1 Bd7 20. c4 c5 21. Nc2 d4 22. Ncxd4 Kc7 23. Nc2 Bc6 24. Ne3 Rab8 25. Re2 Nd6 26. Red2 Bxf3 27. gxf3 Re6 28. Kf1 Kc6 29. h4 Rb4 30. Rc2 Rh6 31. Ke2 Re6 32. Kf1 Rb7 33. Rd5 Rb4 34. Rd3 Rb7 35. Rcd2 Rb4 36. b3 axb3 37. axb3 Rb7 38. h5 h6 39. Ra2 Rb4 40. Ra6+ Rb6 41. Ra7 Rb7 42. Ra5 Kb6 43. Ra1 Kc6 44. Nd5 Nf5 45. Ra6+ Kd7 46. Nf4+ Nd4 47. Nxe6 fxe6 48. b4 Rxb4 49. Ra7+ Kd6 50. Rxg7 Rxc4 51. Rg6 Rc1+ 52. Kg2 Kd5 53. Rxh6 c4 54. Ra3 c3 55. Rh8 c2 56. Rd8+ Ke5 57. Ra5+ Kf6 58. Rxd4 Rg1+ 59. Kxg1 c1=Q+ 60. Kg2 Qc3 61. Raa4 e5 62. Rh4 Kg5 63. Rag4+ Kf5 64. h6 Qc8 65. h7 Qh8 66. Rg8 Qf6 67. h8=Q 1-0


[Site "https://www.chess.com"]

[Event "Titled Tuesday Blitz August 24 2021"]
[White "Svane, Rasmus"]
[Black "Makhnev, Denis"]
[WhiteFideId "4657101"]
[BlackFideId "13707647"]
[WhiteElo "2669"]
[BlackElo "2537"]
[Result "0-1"]
[Round "05"]
[TimeControl "180+1"]
[Date "2021.08.24"]
[WhiteClock "0:00:04"]
[BlackClock "0:00:11"]

1. Nf3 Nf6 2. g3 d5 3. Bg2 Bf5 4. O-O e6 5. c4 c6 6. Qb3 Qb6 7. d3 Nbd7 8. cxd5 Qxb3 9. axb3 exd5 10. Bd2 Bc5 11. Bc3 O-O 12. b4 Bb6 13. Nbd2 Rfe8 14. Rfe1 Ng4 15. Nd4 Bg6 16. N2b3 Re7 17. h3 Ngf6 18. Kf1 Ne8 19. f3 Nc7 20. Rad1 Rae8 21. e4 Nf6 22. Re2 h5 23. Rde1 a6 24. Rd1 Nb5 25. Nxb5 axb5 26. Rde1 dxe4 27. dxe4 Nd7 28. f4 f6 29. Bd4 Bf7 30. Bxb6 Bxb3 31. Bd4 Bc4 32. Kf2 Bxe2 33. Rxe2 Ra8 34. Bf3 Rae8 35. Re1 g6 36. g4 hxg4 37. hxg4 Kf7 38. Rh1 Nf8 39. Re1 Nd7 40. Bc3 g5 41. Kg3 gxf4+ 42. Kxf4 Ne5 43. Bg2 Nd3+ 44. Kg3 Nxe1 45. Bxe1 Rxe4 46. Bxe4 Rxe4 47. Bc3 Kg6 48. Kf3 Rc4 49. Bd2 b6 50. Kg3 c5 51. bxc5 bxc5 52. Be3 Rc2 53. b3 c4 54. Kf4 cxb3 0-1


[Site "https://www.chess.com"]

[Event "Titled Tuesday Blitz August 24 2021"]
[White "Taboas Rodriguez, Daniel"]
[Black "Jarovinsky, Alexey"]
[WhiteFideId "2208466"]
[BlackFideId "14115131"]
[WhiteElo "2429"]
[BlackElo "2446"]
[Result "1-0"]
[Round "05"]
[TimeControl "180+1"]
[Date "2021.08.24"]
[WhiteClock "0:00:11"]
[BlackClock "0:00:02"]

1. d4 Nc6 2. Nf3 d6 3. c4 Nf6 4. d5 Ne5 5. Nxe5 dxe5 6. Nc3 e6 7. e4 Bc5 8. Be2 O-O 9. O-O h6 10. Bd2 c6 11. dxc6 bxc6 12. Qc2 Bd4 13. b4 c5 14. b5 Bb7 15. a4 Qc7 16. a5 Bxc3 17. Bxc3 Bxe4 18. Qb2 Nd7 19. f3 Bg6 20. Rfd1 f6 21. Bd3 Bxd3 22. Rxd3 Rfd8 23. Rad1 Nf8 24. b6 axb6 25. axb6 Rxd3 26. bxc7 Rxd1+ 27. Kf2 Rd7 28. Qb8 Ra2+ 29. Kg3 Rxc7 30. Qxc7 Ng6 31. f4 exf4+ 32. Kf3 e5 33. Ke4 Rxg2 34. Kf5 Nh4+ 35. Ke6 f3 36. Be1 Ng6 37. Qxc5 Re2 38. Bg3 Nf4+ 39. Ke7 Rg2 40. Qc8+ Kh7 41. Kf7 h5 42. Qg8+ Kh6 43. Qxg7# 1-0


[Site "https://www.chess.com"]

[Event "Titled Tuesday Blitz August 24 2021"]
[White "Tang, Andrew"]
[Black "Mitrabha, Guha"]
[WhiteFideId "2059630"]
[BlackFideId "5057000"]
[WhiteElo "2588"]
[BlackElo "2334"]
[Result "1-0"]
[Round "05"]
[TimeControl "180+1"]
[Date "2021.08.24"]
[WhiteClock "0:00:04"]
[BlackClock "0:00:09"]

1. d4 Nf6 2. c4 c5 3. d5 e6 4. Nc3 exd5 5. cxd5 d6 6. e4 a6 7. a4 g6 8. Nge2 Bg7 9. Ng3 O-O 10. Be2 Nbd7 11. O-O Qe7 12. h3 Rb8 13. Bg5 h6 14. Be3 Ne8 15. Qd2 Kh7 16. f4 Nc7 17. e5 f5 18. e6 Nf6 19. a5 b5 20. axb6 Rxb6 21. Bc4 Rb4 22. b3 Bb7 23. Bxc5 Rxc4 24. bxc4 dxc5 25. Rab1 Nce8 26. Qe3 Nd6 27. Qxc5 Rc8 28. Rxb7 Qxb7 29. Qxd6 Rxc4 30. Nge2 Ng8 31. Rb1 Qa7+ 32. Qb6 Qxb6+ 33. Rxb6 Rxc3 34. Rxa6 Re3 35. Kf2 Re4 36. d6 Rxe6 37. d7 Rxa6 38. d8=Q Nf6 39. Qe7 Ne4+ 40. Kg1 h5 41. Nd4 Kh6 42. Ne6 Bf6 43. Qf8+ Kh7 44. Qf7+ Kh6 45. Nf8 Bg7 46. Qg8 Nf6 47. Qf7 Ne4 48. Ne6 Bf6 49. h4 Ra1+ 50. Kh2 Nf2 51. Qf8+ Kh7 52. Qf7+ Kh6 53. Ng5 Ng4+ 54. Kh3 Bg7 55. Qg8 Nf2+ 56. Kg3 Ne4+ 57. Kh2 Nf6 58. Nf7# 1-0


[Site "https://www.chess.com"]

[Event "Titled Tuesday Blitz August 24 2021"]
[White "Ter-Sahakyan, Samvel"]
[Black "Bilan, Danila"]
[WhiteFideId "13302531"]
[BlackFideId "24161918"]
[WhiteElo "2551"]
[BlackElo "2164"]
[Result "1-0"]
[Round "05"]
[TimeControl "180+1"]
[Date "2021.08.24"]
[WhiteClock "0:00:08"]
[BlackClock "0:00:06"]

1. Nf3 d5 2. d4 Nf6 3. c4 c6 4. Nc3 e6 5. Bg5 Nbd7 6. e3 Be7 7. Qc2 h6 8. Bh4 b6 9. cxd5 exd5 10. Bd3 Bb7 11. O-O O-O 12. Rad1 Re8 13. Rfe1 Ne4 14. Bxe4 Bxh4 15. Bf5 Bf6 16. e4 dxe4 17. Bxe4 Qc7 18. Nb5 Qb8 19. Bxc6 Rc8 20. d5 Nc5 21. Nbd4 Bxc6 22. Nxc6 Qd6 23. b3 Rc7 24. g3 Rac8 25. Qf5 g6 26. Qh3 Kg7 27. Nfd4 Bxd4 28. Nxd4 Qxd5 29. Ne6+ Qxe6 30. Rxe6 Nxe6 31. Qf1 Rc1 32. Rxc1 Rxc1 33. Qxc1 Nd4 34. Qc3 f6 35. Qxd4 Kf7 36. Qd7+ 1-0


[Site "https://www.chess.com"]

[Event "Titled Tuesday Blitz August 24 2021"]
[White "Timmermans, Mark"]
[Black "Lashkin, Jegor"]
[WhiteFideId "1026399"]
[BlackFideId "13907808"]
[WhiteElo "2460"]
[BlackElo "2293"]
[Result "0-1"]
[Round "05"]
[TimeControl "180+1"]
[Date "2021.08.24"]
[WhiteClock "0:00:02"]
[BlackClock "0:00:05"]

1. b4 d5 2. Bb2 Bf5 3. e3 e6 4. c4 Nf6 5. b5 Be7 6. a4 O-O 7. Nf3 c5 8. cxd5 Nxd5 9. Be2 Nb4 10. O-O Bc2 11. Qc1 Bd3 12. Qd1 Nd7 13. Na3 Bf6 14. Bxf6 Nxf6 15. Nc4 Qd5 16. Nce5 Rfd8 17. Rc1 Rac8 18. Rc3 Bxe2 19. Qxe2 Ne4 20. Rcc1 Nxd2 21. Rfd1 Nxf3+ 22. Nxf3 Qh5 23. Rxd8+ Rxd8 24. Qc4 b6 25. h3 h6 26. a5 Qd5 27. Qh4 Rc8 28. axb6 axb6 29. Qe7 Nd3 30. Ra1 Qd8 31. Qb7 Rb8 32. Qc6 Nb4 33. Qe4 Qd5 34. Qf4 Rf8 35. Qc7 c4 36. Qxb6 c3 37. Qa5 Qc4 38. Nd4 c2 39. Rc1 e5 40. Nxc2 Nd3 41. Rf1 Qxc2 42. b6 Qb3 43. Qa7 Nc5 44. Qc7 Ne6 45. Qd6 e4 46. Rc1 Qb2 47. Rc4 Qb1+ 48. Kh2 Kh7 49. Rb4 Qd3 50. Qe5 Qd8 51. b7 Qb8 52. Rxe4 Qxb7 53. Qf5+ Kg8 54. g3 Qb8 55. Kg2 Qc8 56. h4 Qa8 57. Kh2 Nc5 58. Rg4 Ne6 59. Qf6 Kh7 60. Qf5+ Kh8 61. e4 Qa2 62. e5 Qb2 63. Re4 Qc2 64. Qf3 Rd8 65. Re2 Qc7 66. Qg4 Qe7 67. Rc2 Kg8 68. Qf5 Nd4 69. Qd3 Nxc2 70. Qxc2 Qxe5 71. Qf5 Qxf5 0-1


[Site "https://www.chess.com"]

[Event "Titled Tuesday Blitz August 24 2021"]
[White "Timofeev, Artyom"]
[Black "Gontcharov, Vladislav"]
[WhiteFideId "4140419"]
[BlackFideId "4123492"]
[WhiteElo "2582"]
[BlackElo "2503"]
[Result "1-0"]
[Round "05"]
[TimeControl "180+1"]
[Date "2021.08.24"]
[WhiteClock "0:00:42"]
[BlackClock "0:00:02"]

1. c4 Nf6 2. Nc3 c5 3. g3 Nc6 4. Bg2 g6 5. e3 Bg7 6. Nge2 O-O 7. O-O d6 8. d4 Bg4 9. h3 Bxe2 10. Nxe2 cxd4 11. Nxd4 Rc8 12. Nxc6 bxc6 13. Qa4 Qb6 14. Rd1 Nd7 15. Rb1 Nc5 16. Qc2 a5 17. b3 Ra8 18. Bd2 Rfb8 19. Be1 Ra7 20. h4 h5 21. Bf3 Bf6 22. Kg2 Kg7 23. Rdc1 Rab7 24. Bd1 Qa6 25. Qe2 Qa7 26. Bc2 Qa6 27. Rd1 Rb6 28. Qd2 Ra8 29. a3 Ne6 30. Qe2 Rab8 31. b4 axb4 32. axb4 Qb7 33. Be4 Qc8 34. Bf3 Nc7 35. Rdc1 Na6 36. b5 cxb5 37. cxb5 Nc5 38. Ba5 R6b7 39. Bxb7 Qxb7+ 40. Qf3 Qa7 41. Bc3 Bxc3 42. Rxc3 Qa5 43. Rcc1 Rxb5 44. Rxb5 Qxb5 45. Qd5 Qa6 46. Rb1 Ne6 47. Rb7 Kf8 48. Rb8+ Kg7 49. Qa8 Qxa8+ 50. Rxa8 Kf6 51. Kf3 Nc5 52. Ra7 Nd3 53. Ke2 Nc5 54. f3 Ne6 55. Kd3 Nc5+ 56. Kc4 Ne6 57. Ra1 g5 58. Rh1 Kg6 59. Kd3 f5 60. Ke2 Kf6 61. hxg5+ Kxg5 62. Kf2 Nc5 63. Rd1 h4 64. gxh4+ Kxh4 65. Rg1 Nd3+ 66. Ke2 Ne5 67. Rg7 Nc6 68. f4 Kh5 69. Rg5+ Kh6 70. Rxf5 Kg6 71. Rb5 Kf6 72. Kf3 Ke6 73. Rh5 Kf6 74. Ke4 e6 75. Rh6+ Kf7 76. Kf3 Ne7 77. e4 Kg7 78. Rxe6 1-0


[Site "https://www.chess.com"]

[Event "Titled Tuesday Blitz August 24 2021"]
[White "Tokman, Ariel"]
[Black "Tanenbaum, Zachary"]
[WhiteFideId "117420"]
[BlackFideId "2060850"]
[WhiteElo "2345"]
[BlackElo "2165"]
[Result "0-1"]
[Round "05"]
[TimeControl "180+1"]
[Date "2021.08.24"]
[WhiteClock "0:00:04"]
[BlackClock "0:00:08"]

1. e4 e5 2. Nf3 Nc6 3. Bb5 a6 4. Ba4 d6 5. O-O Nf6 6. Re1 Be7 7. c3 O-O 8. h3 b5 9. Bc2 Nb8 10. d4 Nbd7 11. Nbd2 Re8 12. Nf1 Bf8 13. Ng3 Bb7 14. Bg5 c6 15. Qd2 h6 16. Be3 Nb6 17. b3 Qc7 18. Nf5 exd4 19. Bxd4 Nbd7 20. Qf4 Re6 21. Qg3 g6 22. b4 c5 23. bxc5 Nxc5 24. Qh4 gxf5 25. Bxf6 Nxe4 26. Bxe4 Bxe4 27. Nd4 Rxf6 28. Qxf6 Bg7 29. Qh4 Qxc3 30. Ne2 Qa3 31. Rac1 Qxa2 32. Ng3 d5 33. Nh5 Bd4 34. Nf6+ Kg7 35. Nh5+ Kf8 36. Kh1 Qxf2 37. Qxf2 Bxf2 38. Rf1 Be3 39. Rc7 d4 40. Nf4 d3 0-1


[Site "https://www.chess.com"]

[Event "Titled Tuesday Blitz August 24 2021"]
[White "Trent, Lawrence"]
[Black "Sarana, Alexey"]
[WhiteFideId "408638"]
[BlackFideId "24133795"]
[WhiteElo "2474"]
[BlackElo "2646"]
[Result "0-1"]
[Round "05"]
[TimeControl "180+1"]
[Date "2021.08.24"]
[WhiteClock "0:00:03"]
[BlackClock "0:00:39"]

1. e4 c5 2. b3 Nf6 3. e5 Nd5 4. Bb2 Nc6 5. Qf3 e6 6. Qg3 h5 7. h4 g6 8. Nf3 Bh6 9. Ng5 Nd4 10. Na3 Nf5 11. Qf3 Bxg5 12. hxg5 Qxg5 13. O-O-O O-O 14. Nc4 b6 15. Nd6 Nxd6 16. exd6 Bb7 17. c4 Nb4 18. Qxb7 Qf5 19. d3 Qxf2 20. Rd2 Qe1+ 21. Rd1 Nxa2+ 22. Kc2 Nb4+ 23. Kc1 Qe3+ 24. Kb1 Qf2 25. Rc1 a5 26. Qf3 Qxf3 27. gxf3 a4 28. bxa4 Rxa4 29. Be2 f6 30. f4 Kf7 31. Rcg1 Rg8 32. Rg3 b5 33. cxb5 Nd5 34. f5 exf5 35. d4 c4 36. Rc1 Rc8 37. Ra3 Rb4 38. Ka1 h4 39. Bf3 Nb6 40. Ra5 g5 41. Bc3 Rb3 42. Bb7 Rb8 43. Bg2 g4 44. Bf1 h3 45. Bb2 f4 46. Rxc4 h2 47. Bg2 Nxc4 0-1


[Site "https://www.chess.com"]

[Event "Titled Tuesday Blitz August 24 2021"]
[White "Tristan, Leonardo"]
[Black "Maghsoodloo, Parham"]
[WhiteFideId "113816"]
[BlackFideId "12539929"]
[WhiteElo "2404"]
[BlackElo "2601"]
[Result "0-1"]
[Round "05"]
[TimeControl "180+1"]
[Date "2021.08.24"]
[WhiteClock "0:00:01"]
[BlackClock "0:01:04"]

1. d4 Nf6 2. Nf3 d5 3. Bf4 c5 4. e3 Nc6 5. Nbd2 cxd4 6. exd4 Qb6 7. Nb3 Bf5 8. c3 e6 9. a4 a6 10. a5 Qd8 11. Bd3 Bxd3 12. Qxd3 b5 13. axb6 Qxb6 14. Nbd2 Be7 15. O-O O-O 16. Ra2 Qb5 17. Qxb5 axb5 18. Rfa1 Rxa2 19. Rxa2 b4 20. Ra6 Rc8 21. Ne5 Nxe5 22. dxe5 Nh5 23. Be3 bxc3 24. bxc3 g5 25. Bd4 Nf4 26. Kf1 Bc5 27. Nf3 Bxd4 28. Nxd4 Rxc3 29. f3 Rd3 30. Nc6 Rd1+ 31. Kf2 Rd2+ 32. Kf1 Nxg2 33. Ra7 Ne3+ 34. Ke1 Rxh2 35. Nd8 d4 36. Rd7 Kf8 37. Nc6 Nf5 38. Rd8+ Kg7 39. Rd7 Kg6 40. Nd8 Nh4 0-1


[Site "https://www.chess.com"]

[Event "Titled Tuesday Blitz August 24 2021"]
[White "Viani Antonio Dcunha"]
[Black "Demchenko, Anton"]
[WhiteFideId "5027330"]
[BlackFideId "4160258"]
[WhiteElo "2366"]
[BlackElo "2583"]
[Result "0-1"]
[Round "05"]
[TimeControl "180+1"]
[Date "2021.08.24"]
[WhiteClock "0:00:04"]
[BlackClock "0:00:10"]

1. d4 d5 2. Nf3 Nf6 3. Bf4 e6 4. e3 c5 5. c3 Nc6 6. Nbd2 Nh5 7. Bg5 f6 8. Bh4 g6 9. Be2 cxd4 10. cxd4 Be7 11. O-O O-O 12. h3 Bd7 13. Rc1 Rc8 14. Nb3 Qb6 15. Nc5 Rfd8 16. a3 a5 17. Qd2 Ng7 18. Bg3 Be8 19. Rc2 Bf7 20. Rfc1 Nf5 21. Bh2 Nd6 22. Ne1 Ne4 23. Nxe4 dxe4 24. Bc4 Rd7 25. Rc3 Rcd8 26. Qe2 Bd6 27. Bxd6 Rxd6 28. Nc2 Kg7 29. Na1 a4 30. Nc2 Qa5 31. Na1 Be8 32. Ba2 Ne7 33. Qc4 Nd5 34. Qc5 Qxc5 35. Rxc5 Rb6 36. Rb1 Bc6 37. Nc2 g5 38. Bxd5 Bxd5 39. Nb4 Kg6 40. Rbc1 h5 41. Rc8 Rdd6 42. Kf1 h4 43. Ke1 Rxb4 44. Kd2 Rdb6 45. axb4 Rxb4 46. Kc2 Kf5 47. Kb1 a3 48. R1c2 Rb3 49. R8c3 a2+ 50. Ka1 Rb6 51. b3 Rxb3 52. Rxb3 Bxb3 53. Rc5+ Bd5 54. Rb5 g4 55. hxg4+ Kxg4 56. Ra5 h3 57. gxh3+ Kxh3 58. Rb5 Kg2 59. Rb2 Kf3 60. Rc2 f5 61. Kb2 b5 62. Rd2 b4 63. Rc2 b3 64. Rd2 Kg4 65. Re2 Kh3 66. Rd2 Kh4 67. Ka1 Kg4 68. Kb2 Kf3 69. Ka1 Kg2 70. Kb2 Kf1 71. Ka1 Ke1 72. Rb2 Kd1 73. f4 exf3 74. Rh2 Ke1 75. Rh1+ Ke2 0-1


[Site "https://www.chess.com"]

[Event "Titled Tuesday Blitz August 24 2021"]
[White "Vlassov, Nikolai"]
[Black "Khodzhamkuliev, Bahadur"]
[WhiteFideId "4103360"]
[BlackFideId "24135046"]
[WhiteElo "2407"]
[BlackElo "2130"]
[Result "1/2-1/2"]
[Round "05"]
[TimeControl "180+1"]
[Date "2021.08.24"]
[WhiteClock "0:02:15"]
[BlackClock "0:01:28"]

1. e4 c5 2. c3 d6 3. d4 Nf6 4. Bd3 Nc6 5. d5 Ne5 6. c4 g6 7. Nc3 a6 8. f4 Nxd3+ 9. Qxd3 Bg7 10. Nf3 O-O 11. O-O b5 12. cxb5 axb5 13. Nxb5 Ba6 14. Re1 c4 15. Qxc4 Qb6+ 16. Be3 Qxb5 17. Qxb5 Bxb5 18. Bd4 Rfb8 19. b3 Bd3 20. Nd2 Rc8 1/2-1/2


[Site "https://www.chess.com"]

[Event "Titled Tuesday Blitz August 24 2021"]
[White "Wagner, Dennis"]
[Black "Bok, Benjamin"]
[WhiteFideId "24650684"]
[BlackFideId "1017063"]
[WhiteElo "2355"]
[BlackElo "2658"]
[Result "1-0"]
[Round "05"]
[TimeControl "180+1"]
[Date "2021.08.24"]
[WhiteClock "0:00:56"]
[BlackClock "0:00:03"]

1. c4 c6 2. Nf3 d5 3. g3 g6 4. Qa4 dxc4 5. Qxc4 Bg7 6. Bg2 Nh6 7. h4 Nf5 8. h5 Na6 9. d3 Qb6 10. Nc3 Nb4 11. Ng5 Nc2+ 12. Kd1 Nd6 13. Qf4 Nxa1 14. Nce4 f6 15. Nxd6+ exd6 16. Qe4+ Kf8 17. hxg6 fxg5 18. Qf3+ Ke8 19. Qf7+ Kd8 20. Qxg7 Re8 21. gxh7 Qxf2 22. Bxg5+ 1-0


[Site "https://www.chess.com"]

[Event "Titled Tuesday Blitz August 24 2021"]
[White "Wieczorek, Oskar"]
[Black "Dobrowolski, Piotr"]
[WhiteFideId "1133950"]
[BlackFideId "1106236"]
[WhiteElo "2258"]
[BlackElo "2296"]
[Result "1-0"]
[Round "05"]
[TimeControl "180+1"]
[Date "2021.08.24"]
[WhiteClock "0:01:14"]
[BlackClock "0:00:22"]

1. e4 c5 2. Nf3 Nc6 3. b4 cxb4 4. d4 e6 5. d5 Qf6 6. c3 bxc3 7. dxc6 c2 8. Qxc2 Qxa1 9. e5 bxc6 10. Bc4 Rb8 11. Nbd2 Ba3 12. O-O Bxc1 13. Rxc1 Qb2 14. Qd1 Qb6 15. Ne4 Ne7 16. Nd6+ Kf8 17. Ng5 f6 18. Qh5 Ng6 19. Nxh7+ Rxh7 20. Qxg6 Ke7 21. Qe8# 1-0


[Site "https://www.chess.com"]

[Event "Titled Tuesday Blitz August 24 2021"]
[White "Yanchenko, Roman"]
[Black "Machidon, Cristi"]
[WhiteFideId "4137329"]
[BlackFideId "13904590"]
[WhiteElo "2514"]
[BlackElo "2312"]
[Result "1-0"]
[Round "05"]
[TimeControl "180+1"]
[Date "2021.08.24"]
[WhiteClock "0:01:25"]
[BlackClock "0:01:06"]

1. d4 Nf6 2. c4 e6 3. Nf3 Bb4+ 4. Bd2 Qe7 5. e3 O-O 6. Bd3 d5 7. O-O Bxd2 8. Qxd2 b6 9. cxd5 exd5 10. Ne5 Nbd7 11. f4 c5 12. Nc3 Bb7 13. Qe2 a6 14. Rac1 b5 15. Bf5 Nb6 16. b3 Rad8 17. Bb1 Rfe8 18. Qf3 b4 19. dxc5 Qxc5 20. Na4 Qa5 21. Rc5 1-0


[Site "https://www.chess.com"]

[Event "Titled Tuesday Blitz August 24 2021"]
[White "Yeletsky, Ivan"]
[Black "Jacobson, Aaron"]
[WhiteFideId "24180327"]
[BlackFideId "2089912"]
[WhiteElo "2344"]
[BlackElo "2265"]
[Result "1-0"]
[Round "05"]
[TimeControl "180+1"]
[Date "2021.08.24"]
[WhiteClock "0:00:09"]
[BlackClock "0:00:01"]

1. e4 d5 2. exd5 Nf6 3. Bb5+ Nbd7 4. Nf3 a6 5. Be2 b5 6. a4 b4 7. c4 bxc3 8. dxc3 g6 9. c4 Bg7 10. a5 O-O 11. Nc3 Bb7 12. Nd4 Re8 13. O-O e5 14. dxe6 fxe6 15. Be3 e5 16. Nc2 Qe7 17. b4 e4 18. b5 Ne5 19. bxa6 Bxa6 20. Nd5 Qf7 21. Ncb4 Bxc4 22. Nxf6+ Bxf6 23. Rc1 Bxe2 24. Qxe2 Rxa5 25. h3 Raa8 26. Rc2 Rab8 27. Na6 Rb7 28. Nc5 Rb4 29. Rfc1 Nd3 30. Nxd3 exd3 31. Qxd3 Rbe4 32. Rxc7 R4e7 33. Rxe7 Rxe7 34. Rc6 Bg7 35. g3 Re8 36. h4 h5 37. Qxg6 Qd7 38. Rd6 Qa4 39. Bd4 Qd1+ 40. Kg2 Qxd4 1-0


[Site "https://www.chess.com"]